AoeStats
← liquidcortex

Black Forest

509941915Analyzed
2v2 RM · 5d ago on Sep 28, 2026· 44m 26s· 4 players
Game mode
Random Map
Map size
Medium (4 player)
Population
200
Speed
Normal
Resources
Standard
Victory
Conquest
Starting age
Dark Age
Ending age
Imperial Age
RankedLock teamsTeams togetherTeam positionsShared explorationLock speedFull tech treeHidden civsTurbo modeCheats
Victory
Defeat
🇪🇸 Britons · Spain
812
+17
🇳🇴 Koreans · Norway
783
+17
🇩🇪 Saxons · Germany
844
-18
🇩🇪 Malians · Germany
801
-21
Fontanar88
0:55 Loom
12:08 Feudal Age
13:09 Double-Bit Axe
14:12 Wheelbarrow
20:26 Castle Age
19:07 Horse Collar
19:35 Stone Mining
20:22 Gold Mining
21:25 Hand Cart
21:39 Forging
26:11 Bow Saw
33:36 Imperial Age
31:27 Fletching
31:38 Padded Archer Armor
32:05 Heavy Plow
32:12 Caravan
32:48 Scale Barding Armor
32:59 Pikeman
33:48 Husbandry
34:32 Gold Shaft Mining
34:25 Warwolf
34:48 Conscription
36:52 Ballistics
36:15 Treadmill Crane
36:34 Bodkin Arrow
39:15 Chemistry
40:13 Halberdier
40:54 Squires
40:39 Gambesons
40:39 Arson
40:45 Elite Longbowman
43:05 Bracer
43:41 Iron Casting
43:21 Leather Archer Armor
43:03 Cavalier
KoN_Air
1:06 Loom
14:56 Feudal Age
18:43 Stone Mining
22:45 Castle Age
21:44 Double-Bit Axe
22:00 Gold Mining
28:53 Wheelbarrow
31:50 Bow Saw
31:28 Horse Collar
35:30 Hand Cart
35:05 Town Watch
35:51 Heavy Plow
36:40 Treadmill Crane
41:14 Imperial Age
40:40 Elite Skirmisher
41:26 Thumb Ring
41:55 Heavy Rocket Cart
42:50 Caravan
43:00 Guilds
43:11 Town Patrol
43:29 Elite War Wagon
Snowbird2610
8:12 Loom
9:57 Feudal Age
12:06 Double-Bit Axe
12:14 Gold Mining
15:12 Horse Collar
16:58 Fletching
17:20 Forging
17:12 Man-at-Arms
21:21 Castle Age
20:36 Padded Archer Armor
23:29 Wheelbarrow
23:11 Crossbowman
25:07 Heavy Plow
27:40 Gold Shaft Mining
27:20 Bow Saw
27:48 Leather Archer Armor
27:29 Bodkin Arrow
29:45 Iron Casting
30:26 Hand Cart
30:35 Ballistics
30:25 Thumb Ring
32:04 Man-at-Arms
32:30 Arson
33:03 Stone Mining
33:19 Murder Holes
38:03 Imperial Age
36:44 Scale Mail Armor
36:07 Long Swordsman
36:33 Gambesons
36:49 Squires
39:06 Chain Mail Armor
38:51 Bracer
39:24 Ring Archer Armor
38:22 Arbalester
39:47 Two-Handed Swordsman
41:20 Elite Varangian Guard
44:56 Conscription
45:45 Chemistry
liquidcortex
4:13 Loom
16:21 Feudal Age
18:40 Horse Collar
27:27 Castle Age
26:12 Forging
27:36 Scale Mail Armor
29:39 Pikeman
33:59 Iron Casting
34:25 Chain Mail Armor
34:47 Gold Mining
35:48 Murder Holes
40:46 Man-at-Arms
41:28 Long Swordsman
Connection lost

Rejoining the realm…

Still unreachable

The connection could not be restored.

Session expired

The server has moved on; the page needs a fresh start.